 Dungeon Crawl Stone Soup version 0.17-a0-2198-g482c6e3 (webtiles) character file.

1614540 Arkorax the Invulnerable (level 27, 150/273 HPs)
             Began as a Minotaur Gladiator on Oct 26, 2015.
             Was a High Priest of Okawaru.
             Escaped with the Orb
             ... and 3 runes!
             The game lasted 03:58:06 (80731 turns).

Arkorax the Invulnerable (Minotaur Gladiator)      Turns: 80731, Time: 03:58:06

Health: 150/273    AC: 39    Str: 28    XL:     27
Magic:  27/27      EV:  9    Int:  7    God:    Okawaru [*****.]
Gold:   3072       SH: 31    Dex: 13    Spells: 0 memorised, 42 levels left

rFire  + + +     SeeInvis .     J - +8 demon trident (flame)
rCold  . . .     Rnd*Rage +     a - +8 crystal plate armour
rNeg   + . .     SustAt   .     H - +4 large shield of Okawaru's Envy {rN+ Dex+3 Slay+5}
rPois  +         Gourm    .     I - +1 hat {MR+}
rElec  .         Spirit   .     P - +0 cloak {MR+}
rCorr  +         Warding  .     O - +0 pair of gloves "Etibyl" {*Contam rPois MR+ rCorr}
rMut   .         Rnd*Tele +     L - +0 pair of boots {run}
MR     +++++                    C - amulet of faith
Stlth  ..........               k - ring of Eternity {Wiz rPois Str+2 Dex-3 Slay+3}
                                X - ring "Ygesk" {rF+++ MR+ Int+4 Dex-3 Slay+2}

@: very slightly contaminated, quick, almost entirely resistant to hostile
enchantments, extremely unstealthy
A: retaliatory headbutt, horns 2, agile 1, berserk 1, breathe flames 1, deformed
body, dopey 1, fire resistance 1, low mp 2, screaming 2, teleportitis 1, weak 2,
no device heal 1, subdued magic 2
a: Heroism, Finesse, Renounce Religion, Breathe Fire
0: Orb of Zot
}: 3/15 runes: decaying, serpentine, silver


You escaped.
You worshipped Okawaru.
Okawaru was extremely pleased with you.
You were not hungry.

You visited 10 branches of the dungeon, and saw 53 of its levels.
You also visited: Sewer and Volcano.

You collected 6186 gold pieces.
You spent 3114 gold pieces at shops.

Inventory:

Hand Weapons
 D - the +3 demon trident "Maocoxu" {flame, Str+5}
   (Okawaru gifted it to you on level 5 of the Vaults)

   It has been specially enchanted to burn those struck by it, causing extra
   injury to most foes and up to half again as much damage against particularly
   susceptible opponents.
   It affects your strength (+5).
 J - a +8 demon trident of flaming (weapon)
Missiles
 j - a throwing net (quivered)
 s - 77 tomahawks
Armour
 a - a +8 crystal plate armour (worn)
 H - the +4 large shield of Okawaru's Envy (worn) {rN+ Dex+3 Slay+5}
   (Okawaru gifted it to you on level 4 of the Realm of Zot)

   It affects your dexterity (+3).
   It affects your accuracy and damage with ranged weapons and melee attacks
   (+5).
   It protects you from negative energy.
 I - a +1 hat of magic resistance (worn)
 L - a +0 pair of boots of running (worn)
 O - the +0 pair of gloves "Etibyl" (worn) {*Contam rPois MR+ rCorr}
   (You found it on level 4 of the Lair of Beasts)

   It protects you from poison.
   It affects your resistance to hostile enchantments.
   It causes magical contamination when unequipped.
   It protects you from acid and corrosion.
 P - a +0 cloak of magic resistance (worn)
Jewellery
 k - the ring of Eternity (right hand) {Wiz rPois Str+2 Dex-3 Slay+3}
   (You bought it in a shop on level 3 of the Orcish Mines)

   [ring of wizardry]

   It improves your spell success rate.
   It affects your strength (+2).
   It affects your dexterity (-3).
   It affects your accuracy and damage with ranged weapons and melee attacks
   (+3).
   It protects you from poison.
 C - an amulet of faith (around neck)
 X - the ring "Ygesk" (left hand) {rF+++ MR+ Int+4 Dex-3 Slay+2}
   (You found it on level 1 of the Lair of Beasts)

   [ring of intelligence]

   It affects your intelligence (+4).
   It affects your dexterity (-3).
   It affects your accuracy and damage with ranged weapons and melee attacks
   (+2).
   It renders you almost immune to fire.
   It affects your resistance to hostile enchantments.
Wands
 G - a wand of teleportation (9)
 R - a wand of hasting (0)
 Y - a wand of fireball (3)
Scrolls
 f - 25 scrolls of remove curse
 i - 21 scrolls of identify
 l - 11 scrolls of fog
 m - 10 scrolls of magic mapping
 t - 10 scrolls of teleportation
 w - 2 scrolls of summoning
 y - 2 scrolls of holy word
 F - a scroll of blinking
 Q - 3 scrolls of amnesia
 U - 2 scrolls of fear
Potions
 b - 2 potions of cancellation
 e - 8 potions of flight
 g - 3 potions of brilliance
 n - 2 potions of ambrosia
 o - 2 potions of curing
 p - 8 potions of berserk rage
 x - 6 potions of invisibility
 A - 4 potions of agility
 B - 5 potions of might
 V - a potion of resistance
Books
 d - a book of Conjurations

   Spells                             Type                      Level
   a - Magic Dart                     Conjuration                  1
   b - Searing Ray                    Conjuration                  2
   c - Dazzling Spray                 Conjuration/Hexes            3
   d - Fulminant Prism                Conjuration/Hexes            4
   e - Iskenderun's Mystic Blast      Conjuration                  4
   f - Iskenderun's Battlesphere      Conjuration/Charms           5
 u - a book of Necromancy

   Spells                             Type                      Level
   a - Pain                           Necromancy                   1
   b - Animate Skeleton               Necromancy                   1
   c - Vampiric Draining              Necromancy                   3
   d - Regeneration                   Charms/Necromancy            3
   e - Animate Dead                   Necromancy                   4
   f - Control Undead                 Necromancy                   4
Miscellaneous
 c - a legendary deck of wonders {the Alchemist, drawn: 1}
 T - a stone of tremors
 W - a lantern of shadows
Comestibles
 v - 18 fruits
 E - 4 royal jellies
 K - 9 beef jerkies
 N - 5 slices of pizza


   Skills:
 O Level 27 Fighting
 - Level 25.8 Polearms
 - Level 2.0 Throwing
 O Level 27 Armour
 - Level 3.2 Dodging
 - Level 0.6 Stealth
 O Level 27 Shields
 + Level 8.0 Spellcasting
 - Level 14.3 Invocations


You had 42 spell levels left.
You didn't know any spells.

Dungeon Overview and Level Annotations

Branches:
Dungeon (15/15)            Temple (1/1) D:4            Lair (8/8) D:10
  Swamp (4/4) Lair:5        Snake (4/4) Lair:3        Slime (0/6) Lair:6
    Orc (4/4) D:10            Elf (2/3) Orc:3        Vaults (5/5) D:13
  Crypt (0/3) Vaults:2     Depths (5/5) D:15            Zot (5/5) Depths:5

Altars:
Ashenzari
Cheibriados
Dithmenos
Elyvilon
Fedhas
Gozag
Kikubaaqudgha
Makhleb
Nemelex Xobeh
Okawaru
Qazlal
Ru
Sif Muna
Trog
Vehumet
Xom
Yredelemnul
Zin
The Shining One
Beogh

Shops:
D:7 [   D:10 %   D:11 *   Orc:3 =   Orc:4 ![*(=   Elf:2 *   Vaults:1 ?(
Depths:4 =

Portals:
Hell: Depths:1 Depths:2 Depths:3 Depths:4 Depths:5
Abyss: Depths:1 Depths:4
Pandemonium: Depths:1 Depths:3
Ziggurat: Depths:2


Innate Abilities, Weirdness & Mutations

You reflexively headbutt those who attack you in melee.
You have a pair of horns on your head.
You are agile. (Dex +2)
You tend to lose your temper in combat.
You can breathe flames.
Armour fits poorly on your strangely shaped body.
You are dopey. (Int -2)
Your flesh is heat resistant.
Your magical capacity is very low (-20% MP).
You sometimes yell uncontrollably at your foes.
You are occasionally teleported to nearby monsters.
You are very weak. (Str -4)
Potions and wands are less effective at restoring your health.
Your spells are easier to cast, but less powerful.


Message History

An orange demon comes into view.
A quasit comes into view.
The cacodemon gestures at you.
Strange energies course through your body.
You feel weaker.
The cacodemon gestures at the rock wall.
You hear a grinding noise.
There is an open door here.
You block the orange demon's attack.
The cacodemon gestures next to the Hell Sentinel.
Some rock shatters into small pieces.
The Hell Sentinel gestures at you.
The hellfire explodes!
The blast of hellfire engulfs you!
The cacodemon gestures next to the quasit.
You hear a grinding noise.
You block the orange demon's attack.
There is a staircase leading out of the dungeon here.
You can't go down here!
You block the orange demon's attack.
You have escaped!

..8# #..........# #..#..# ..##
##.#........# ##.#..#
..####..#........# #....#####
........#........#######....##...
#######.#........#.....#....##.##
#..........'.....#.#.......
#.#........#.....#....##.##
#.#'...14........###.......
#...#.##.5@#.....###...#.##
######..'###'#####...>.PPPP
##...'...# #.###P...P ##..#...#
#†# #P...P ####...# #.# #P...P
########.#


#PPPP. #...# ##..## #.######.### #......>.... You could see a Hell Sentinel, an
orange demon and a quasit.

Vanquished Creatures
  4 orbs of fire
  9 ancient liches
  Mara (Depths:1)
  Mennas (Vaults:3)
  Boris (Depths:4)
  Frederick (Vaults:2)
  Norris (Elf:2)
  A large abomination (Vaults:2)
  Saint Roka (Vaults:4)
  Vashnia (Snake:2)
  2 curse toes (Zot:4)
  6 Killer Klowns
  3 caustic shrikes
  13 golden dragons
  Nikola (Swamp:1)
  Jory (Vaults:3)
  the Enchantress (D:15)
  A bone dragon (Zot:4)
  The ghost of Goblin1989 the Severer, an adept DDFi of Ru (Depths:1)
  4 electric golems
  Rupert (Orc:3)
  15 tentacled monstrosities
  28 Orb Guardians
  A pandemonium lord (D:1)
  A titan (Depths:3)
  The ghost of Pereza0 the Shatterer, an adept OgAK of Lugonu (Swamp:2)
  8 liches
  3 sphinxes
  2 quicksilver dragons
  An octopode crusher (Depths:4)
  16 storm dragons
  Frances (Swamp:1)
  13 death cobs
  8 shadow dragons
  5 tengu reavers
  10 draconian monks
  A deep elf sorcerer (Elf:2)
  2 ghost moths
  2 orc warlords (Orc:4)
  11 greater nagas
  12 frost giants
  11 fire giants
  Donald (Swamp:4)
  5 draconian knights
  12 vault wardens
  Aizul (Snake:1)
  3 iron dragons
  Louise (Depths:4)
  5 draconian zealots
  11 ironheart preservers
  A juggernaut zombie (Depths:2)
  4 spriggan defenders
  A reaper (Depths:2)
  5 draconian shifters
  6 draconian annihilators
  19 very ugly things
  19 stone giants
  2 juggernaut skeletons (Depths:2)
  A caustic shrike skeleton (Depths:3)
  A vampire knight (Depths:4)
  6 draconian callers
  A deep elf annihilator (Elf:1)
  A deep elf demonologist (Elf:2)
  11 black draconians
  2 salamander stormcallers
  5 green draconians
  Azrael (Snake:3)
  11 purple draconians
  14 red draconians
  10 white draconians
  3 dire elephants (Lair:8)
  12 yellow draconians
  13 ettins
  15 mottled draconians
  21 fire dragons
  9 deep elf death magi
  36 vault guards
  3 rakshasas
  Josephine (D:13)
  12 yaktaur captains
  A deep elf high priest (D:12)
  Erolcha (D:10)
  10 great orbs of eyes
  A hydra (shapeshifter) (Vaults:4)
  17 hydras
  12 naga warriors
  20 ice dragons
  11 centaur warriors
  20 anacondas
  7 entropy weavers
  4 spriggan air magi
  8 alligators
  A queen ant (shapeshifter) (Depths:3)
  21 ogre magi
  14 dancing weapons (Elf:2)
  12 deep troll earth magi
  10 deep troll shamans
  8 death yaks
  A shock serpent (shapeshifter) (Depths:4)
  3 tengu warriors
  5 spriggan berserkers
  4 orc high priests
  13 shock serpents
  Urug (D:10)
  A vampire mage (Depths:5)
  10 naga sharpshooters
  Sonja (D:11)
  Nergalle (D:11)
  2 shadow wraiths
  A titan skeleton (Vaults:4)
  A fire crab (shapeshifter) (Depths:2)
  A soul eater (Depths:2)
  A small abomination (Elf:2)
  2 storm dragon zombies
  A fire crab (Vaults:2)
  12 hell knights
  4 skeletal warriors (D:14)
  A storm dragon skeleton (Depths:3)
  10 deep elf knights
  4 iron trolls
  5 salamander mystics
  A shadow demon (Depths:3)
  3 sea snakes (Snake:4)
  2 flayed ghosts
  40 deep trolls
  A wizard (Vaults:1)
  12 deep elf summoners
  14 ironbrand convokers
  5 shambling mangroves
  4 naga ritualists
  A golden dragon skeleton (Depths:3)
  3 tengu zombies
  3 shadow dragon zombies
  A harpy (shapeshifter) (D:13)
  6 unseen horrors
  9 deep elf conjurers
  13 swamp dragons
  10 necromancers
  9 harpies (Vaults:4)
  11 orc knights
  4 hill giants
  3 lindwurms (Snake:4)
  A mana viper (shapeshifter) (Vaults:5)
  A phantasmal warrior (Vaults:5)
  A wolf spider zombie (D:14)
  An orb spider (shapeshifter) (D:13)
  A human zombie (Vaults:4)
  2 manticores (shapeshifter)
  10 mana vipers
  A wolf spider (Vaults:5)
  9 cyclopes
  3 manticores
  A faun (shapeshifter) (Vaults:5)
  A frost giant zombie (Depths:2)
  6 griffons
  5 orc sorcerers
  66 ugly things
  A stone giant skeleton (Depths:2)
  11 salamanders
  35 elephants
  A frost giant skeleton (Depths:2)
  9 guardian serpents
  25 moths of wrath
  A moth of wrath (shapeshifter) (Vaults:4)
  3 hornets
  55 black mambas
  Maurice (D:11)
  3 rust devils
  An octopode (shapeshifter) (Depths:3)
  An elephant (shapeshifter) (Vaults:2)
  9 vault sentinels
  A guardian serpent (shapeshifter) (Depths:2)
  A titan simulacrum (Depths:2)
  A torpor snail (Lair:4)
  A black mamba (shapeshifter) (Depths:5)
  6 centaur skeletons
  An efreet (D:15)
  5 gargoyles
  26 naga magi
  9 spiny frogs
  A kobold demonologist (Vaults:2)
  2 elf skeletons (Depths:2)
  An orange demon (Depths:3)
  A yaktaur (shapeshifter) (D:12)
  12 deep elf priests
  5 fire drakes
  3 tengu conjurers
  2 spriggan skeletons (Depths:2)
  4 jumping spiders
  A merfolk (shapeshifter) (Vaults:5)
  41 yaktaurs
  9 freezing wraiths
  5 trolls
  11 komodo dragons
  2 human skeletons
  A shadow dragon simulacrum (Depths:2)
  A wind drake (shapeshifter) (Elf:1)
  A queen bee (D:9)
  A polar bear (Lair:4)
  A polar bear (shapeshifter) (Vaults:3)
  A sphinx simulacrum (Depths:2)
  A troll (shapeshifter) (Vaults:4)
  6 giant leeches
  Prince Ribbit (D:5)
  2 raiju (shapeshifter)
  A blue devil (Depths:3)
  A harpy skeleton (D:15)
  22 slime creatures
  A trapdoor spider zombie (D:11)
  5 boulder beetles
  8 bog bodies
  30 two-headed ogres
  4 wyverns
  4 shadows
  4 spriggan zombies (Depths:2)
  2 air elementals (Depths:5)
  A stone giant simulacrum (Vaults:2)
  16 blink frogs
  A redback (shapeshifter) (Vaults:4)
  15 redbacks
  A trapdoor spider (D:12)
  A spriggan (shapeshifter) (Depths:1)
  5 tarantellas
  A fire giant simulacrum (Depths:2)
  38 yaks
  5 water elementals
  17 deep elf magi
  A yaktaur simulacrum (Vaults:3)
  11 spriggans
  6 wraiths (D:13)
  An elf zombie (Depths:3)
  17 deep elf fighters
  14 hippogriffs
  The ghost of zigs the Thaumaturge, an amateur SpEn (D:4)
  2 fire elementals (Snake:3)
  4 basilisks
  5 fire bats (Depths:1)
  Grum (D:8)
  A steam dragon (Lair:7)
  20 wolves
  4 hungry ghosts
  2 spriggan simulacra (Depths:2)
  3 insubstantial wisps (Swamp:2)
  6 wargs
  Edmund (D:5)
  28 swamp worms
  41 vampire mosquitoes
  39 nagas
  6 hell hounds
  A soldier ant (D:13)
  Duvessa (D:7)
  19 wasps
  3 ice beasts
  8 porcupines
  5 black bears
  58 orc warriors
  21 water moccasins
  A sky beast (D:12)
  15 swamp drakes
  An eye of draining (shapeshifter) (Vaults:2)
  2 necrophages
  An ogre (shapeshifter) (Depths:5)
  5 phantoms
  14 boggarts
  69 ogres
  An eye of draining (D:13)
  27 crocodiles
  8 centaurs
  A brain worm (Lair:7)
  Blork the orc (D:6)
  28 giant frogs
  10 big kobolds
  Dowan (D:7)
  A gnoll sergeant (D:8)
  A wyvern skeleton (D:6)
  2 scorpions
  35 killer bees
  3 wyvern zombies
  21 wights
  2 electric eels
  11 crimson imps
  2 giant frog zombies
  A human simulacrum (Vaults:1)
  A quasit (Depths:1)
  8 centaur zombies
  Crazy Yiuf (D:5)
  41 orc priests
  12 jellies (Lair:6)
  4 iguanas
  11 worker ants
  7 hounds
  Terence (D:2)
  49 orc wizards
  A statue (D:7)
  7 sheep
  2 hound zombies
  A hound skeleton (D:11)
  Robin (D:2)
  4 gnolls
  63 river rats
  2 worker ant zombies
  29 adders
  7 shadow imps
  4 oozes
  3 adder skeletons
  2 adder zombies
  6 worms
  5 giant geckos
  188 orcs
  9 ball pythons
  10 bats
  8 giant cockroaches
  15 hobgoblins
  19 jackals
  6 quokkas
  A ball python zombie (D:5)
  A giant gecko skeleton (D:5)
  6 giant newts
  17 goblins
  28 kobolds
  A quokka skeleton (D:7)
  13 rats
  2 crawling corpses (Elf:2)
  2 fire vortices (D:15)
  2 fungi (D:1)
  4 plants (Lair:8)
2723 creatures vanquished.

Vanquished Creatures (others)
  3 eldritch tentacles
  A fire giant (Depths:3)
  A stone giant (Depths:1)
  2 yaktaur captains
  3 naga sharpshooters
  A lindwurm (Snake:4)
  A deep elf conjurer (Elf:1)
  A cyclops (Vaults:2)
  A vault sentinel (Vaults:2)
  9 yaktaurs
  A spriggan (Depths:3)
  A wraith (D:15)
  A swamp worm (Swamp:1)
  An ogre (Vaults:3)
  3 orcs
  231 eldritch tentacle segments
  2 fire vortices (D:15)
  A fulminant prism (D:1)
  16 fungi
  54 plants
334 creatures vanquished.

Grand Total: 3057 creatures vanquished

Notes
Turn   | Place    | Note
--------------------------------------------------------------
     0 | D:1      | Arkorax the Minotaur Gladiator began the quest for the Orb.
     0 | D:1      | Reached XP level 1. HP: 18/18 MP: 0/0
   124 | D:1      | Reached skill level 4 in Polearms
   155 | D:1      | Reached XP level 2. HP: 22/25 MP: 1/1
   738 | D:1      | Reached XP level 3. HP: 17/31 MP: 2/2
  1548 | D:2      | Reached skill level 1 in Armour
  1548 | D:2      | Reached XP level 4. HP: 40/40 MP: 3/3
  1716 | D:2      | Noticed Robin
  1758 | D:2      | Reached skill level 5 in Polearms
  1766 | D:2      | Killed Robin
  1829 | D:2      | Noticed Terence
  1832 | D:2      | Killed Terence
  1971 | D:3      | Reached XP level 5. HP: 42/47 MP: 4/4
  2035 | D:3      | Found a snail-covered altar of Cheibriados.
  2053 | D:3      | Found a glowing drain.
  2081 | Sewer    | Entered a sewer
  2116 | Sewer    | Reached skill level 5 in Fighting
  2372 | Sewer    | Reached XP level 6. HP: 36/57 MP: 5/5
  2657 | Sewer    | Reached skill level 6 in Fighting
  2748 | Sewer    | Reached XP level 7. HP: 60/64 MP: 6/6
  3075 | D:3      | Noticed an ogre
  3083 | D:3      | Killed an ogre
  3083 | D:3      | Reached skill level 7 in Fighting
  3424 | D:3      | Found a stormy altar of Qazlal.
  3699 | D:4      | Noticed zigs's ghost (amateur SpEn)
  3714 | D:4      | Killed zigs's ghost
  3979 | D:4      | Found a staircase to the Ecumenical Temple.
  3992 | Temple   | Entered the Ecumenical Temple
  4075 | Temple   | Became a worshipper of Warmaster Okawaru
  4113 | D:4      | Found an opulent altar of Gozag.
  4121 | D:4      | Reached skill level 5 in Armour
  4186 | D:4      | Reached XP level 8. HP: 43/74 MP: 7/7
  4825 | D:4      | Reached skill level 8 in Fighting
  5159 | D:5      | Entered Level 5 of the Dungeon
  5282 | D:5      | Found a shattered altar of Ashenzari.
  5375 | D:5      | Noticed Prince Ribbit
  5409 | D:5      | Killed Prince Ribbit
  5409 | D:5      | Reached skill level 9 in Fighting
  6106 | D:5      | Noticed Crazy Yiuf
  6112 | D:5      | Killed Crazy Yiuf
  6306 | D:5      | Noticed Edmund
  6318 | D:5      | Killed Edmund
  6318 | D:5      | Reached * piety under Okawaru
  6368 | D:6      | Got a fine spear
  6369 | D:6      | Identified the +6 spear of Pride {freeze, rF+} (You found it on level 6 of the Dungeon)
  6418 | D:6      | Reached skill level 10 in Fighting
  6511 | D:6      | Found a bloodstained altar of Trog.
  6518 | D:6      | Found a shimmering altar of Xom.
  6546 | D:6      | Reached skill level 1 in Shields
  6546 | D:6      | Reached XP level 9. HP: 81/85 MP: 8/8
  6669 | D:6      | Noticed Blork the orc
  6679 | D:6      | Killed Blork the orc
  6759 | D:6      | Found a burning altar of Makhleb.
  6828 | D:6      | Reached ** piety under Okawaru
  6986 | D:7      | Found Waeph's Antique Armour Shop.
  6990 | D:7      | Bought a pair of glowing boots for 117 gold pieces
  7341 | D:7      | Found a deep blue altar of Sif Muna.
  7361 | D:7      | Found an ancient bone altar of Kikubaaqudgha.
  7402 | D:7      | Reached skill level 5 in Shields
  7482 | D:7      | Found a sacrificial altar of Ru.
  7557 | D:7      | Noticed Dowan
  7558 | D:7      | Noticed Duvessa
  7591 | D:7      | Killed Duvessa
  7593 | D:7      | Killed Dowan
  7855 | D:7      | Reached *** piety under Okawaru
  8029 | D:7      | Found a radiant altar of Vehumet.
  8276 | D:7      | Reached XP level 10. HP: 93/93 MP: 9/9
  8556 | D:8      | Noticed Grum
  8596 | D:8      | Killed Grum
  9057 | D:8      | Reached skill level 11 in Fighting
  9243 | D:9      | Found a snail-covered altar of Cheibriados.
  9323 | D:9      | Reached skill level 10 in Armour
  9328 | D:9      | Reached **** piety under Okawaru
  9541 | D:9      | Reached skill level 1 in Invocations
  9757 | D:9      | Found a shadowy altar of Dithmenos.
  9775 | D:10     | Entered Level 10 of the Dungeon
  9811 | D:10     | Found a staircase to the Lair.
  9962 | D:10     | Reached ***** piety under Okawaru
  9962 | D:10     | Reached skill level 12 in Fighting
  9982 | D:10     | Found Uninayr's Food Shoppe.
 10048 | D:10     | Reached XP level 11. HP: 104/104 MP: 10/10
 10175 | D:10     | Found a staircase to the Orcish Mines.
 10300 | D:10     | Noticed Erolcha
 10683 | D:10     | Killed Erolcha
 10765 | D:10     | Noticed Urug
 10772 | D:10     | Killed Urug
 10872 | Lair:1   | Entered Level 1 of the Lair of Beasts
 10946 | Lair:1   | Reached skill level 13 in Fighting
 11236 | Lair:1   | Got a vibrating turquoise ring
 11429 | Lair:1   | Identified the ring "Ygesk" {rF+++ MR+ Int+4 Dex-3 Slay+2} (You found it on level 1 of the Lair of Beasts)
 11671 | Lair:1   | Reached ****** piety under Okawaru
 12146 | Lair:2   | Received a gift from Okawaru
 12301 | Lair:2   | Found a dark tunnel.
 12317 | Volcano  | Entered a volcano
 12477 | Lair:2   | Reached skill level 10 in Polearms
 12715 | Lair:2   | Reached XP level 12. HP: 114/116 MP: 11/11
 12939 | Lair:2   | Reached skill level 14 in Fighting
 13391 | Lair:3   | Found a staircase to the Snake Pit.
 13695 | Lair:3   | Reached skill level 15 in Fighting
 14109 | Lair:4   | Noticed a four-headed hydra
 14117 | Lair:3   | Killed a four-headed hydra
 14229 | Lair:4   | Got a pair of translucent gloves
 14230 | Lair:4   | Identified the cursed +0 pair of gloves "Etibyl" {*Contam rPois MR+ rCorr} (You found it on level 4 of the Lair of Beasts)
 14479 | Lair:4   | Received a gift from Okawaru
 14509 | Lair:4   | Reached skill level 15 in Armour
 14531 | Lair:4   | Found a glowing silver altar of Zin.
 15123 | Lair:4   | Reached XP level 13. HP: 118/128 MP: 10/12
 15534 | Lair:4   | Reached skill level 16 in Fighting
 16178 | Lair:5   | Found a staircase to the Swamp.
 16485 | Lair:5   | Received a gift from Okawaru
 16881 | Lair:6   | Found a staircase to the Slime Pits.
 17951 | Lair:7   | Reached skill level 17 in Armour
 18501 | Lair:7   | Reached XP level 14. HP: 103/140 MP: 13/13
 18515 | Lair:7   | Received a gift from Okawaru
 19010 | Lair:8   | Entered Level 8 of the Lair of Beasts
 19298 | Lair:8   | Reached skill level 18 in Armour
 19942 | Lair:8   | Received a gift from Okawaru
 20674 | Lair:8   | Received a gift from Okawaru
 21366 | Lair:8   | Reached skill level 19 in Armour
 21843 | Lair:1   | Gained mutation: You can breathe flames. [potion of beneficial mutation]
 21908 | D:11     | Received a gift from Okawaru
 22184 | D:11     | Found Liachuosh's Assorted Antiques.
 22197 | D:11     | Noticed Nergalle
 22232 | D:11     | Killed Nergalle
 22242 | D:11     | Noticed Sonja
 22683 | D:11     | Noticed Maurice
 22708 | D:11     | Killed Maurice
 22730 | D:11     | Received a gift from Okawaru
 22772 | D:11     | Killed Sonja
 23029 | D:12     | Reached skill level 20 in Fighting
 23260 | D:12     | Reached XP level 15. HP: 120/156 MP: 10/14
 24190 | D:13     | Reached skill level 21 in Fighting
 24197 | D:13     | Found a gate to the Vaults.
 24546 | D:13     | Received a gift from Okawaru
 25236 | D:13     | Noticed Josephine
 25250 | D:13     | Killed Josephine
 25250 | D:13     | Reached skill level 22 in Fighting
 26650 | D:14     | Found a sparkling altar of Nemelex Xobeh.
 26898 | D:15     | Entered Level 15 of the Dungeon
 27123 | D:15     | Found a sacrificial altar of Ru.
 27341 | D:15     | Received a gift from Okawaru
 27344 | D:15     | Got a translucent chain mail {god gift}
 27367 | D:15     | Identified the +8 chain mail of the Meadowlark {+Blink SInv} (Okawaru gifted it to you on level 15 of the Dungeon)
 27612 | D:15     | Found a staircase to the Depths.
 27755 | D:15     | Got a heavily runed scale mail
 27766 | D:15     | Identified the cursed +1 scale mail "Perobat" {MP+9} (You found it on level 15 of the Dungeon)
 28484 | Swamp:1  | Entered Level 1 of the Swamp
 28621 | Swamp:1  | Noticed Frances
 28664 | Swamp:1  | Killed Frances
 28664 | Swamp:1  | Reached XP level 16. HP: 133/170 MP: 9/15
 28708 | Swamp:1  | Noticed Nikola
 28753 | Swamp:1  | Killed Nikola
 29403 | Swamp:1  | You fall through a shaft!
 29411 | Swamp:2  | Noticed Pereza0's ghost (adept OgAK)
 30561 | Swamp:3  | Received a gift from Okawaru
 31884 | Swamp:4  | Entered Level 4 of the Swamp
 32076 | Swamp:4  | Received a gift from Okawaru
 32495 | Swamp:4  | Noticed Donald
 32520 | Swamp:4  | Killed Donald
 32997 | Swamp:4  | Got a decaying rune of Zot
 33621 | Swamp:2  | Killed Pereza0's ghost
 34074 | Orc:1    | Entered Level 1 of the Orcish Mines
 34274 | Orc:3    | Found a roughly hewn altar of Beogh.
 34420 | Orc:4    | Entered Level 4 of the Orcish Mines
 34480 | Orc:4    | Found Wasu Roh's Distillery.
 34750 | Orc:4    | Reached XP level 17. HP: 175/178 MP: 16/16
 34793 | Orc:4    | Reached skill level 15 in Polearms
 35085 | Orc:4    | Found Nyjax's General Store.
 35087 | Orc:4    | Found Faipnomp's Jewellery Boutique.
 35590 | Orc:4    | Found Ecriut's Antique Armour Shop.
 35590 | Orc:4    | Found Xaedenn's Antique Weapon Shop.
 35647 | Orc:4    | Bought a scroll of enchant armour for 90 gold pieces
 36057 | Orc:4    | Received a gift from Okawaru
 36260 | Orc:3    | Noticed Rupert
 36288 | Orc:3    | Killed Rupert
 36400 | Orc:3    | Found Liump's Jewellery Shop.
 36409 | Orc:3    | Bought the ring of Eternity {Wiz rPois Str+2 Dex-3 Slay+3} for 930 gold pieces
 36622 | Orc:3    | Found a staircase to the Elven Halls.
 37133 | Orc:1    | Found a roughly hewn altar of Beogh.
 37715 | Snake:1  | Entered Level 1 of the Snake Pit
 37715 | Snake:1  | Noticed Aizul
 37736 | Snake:1  | Killed Aizul
 38797 | Snake:2  | Reached skill level 23 in Fighting
 39471 | Snake:2  | Received a gift from Okawaru
 39582 | Snake:2  | Noticed Vashnia
 39625 | Snake:2  | Killed Vashnia
 40252 | Snake:3  | Noticed Azrael
 40276 | Snake:3  | Killed Azrael
 40276 | Snake:3  | Reached skill level 10 in Shields
 40318 | Snake:3  | Received a gift from Okawaru
 40323 | Snake:3  | Got a crude trident {god gift}
 40325 | Snake:3  | Identified the +1 trident of Nosh {pain, rN+ Str+7} (Okawaru gifted it to you on level 3 of the Snake Pit)
 40924 | Snake:3  | Reached XP level 18. HP: 173/188 MP: 17/17
 41518 | Snake:4  | Entered Level 4 of the Snake Pit
 42268 | Snake:4  | Received a gift from Okawaru
 43464 | Snake:4  | Received a gift from Okawaru
 44154 | Snake:4  | Got a serpentine rune of Zot
 44523 | Lair:3   | Received a gift from Okawaru
 44736 | Vaults:1 | Entered Level 1 of the Vaults
 44736 | Vaults:1 | Found Xuhuovor's Magic Scroll Emporium.
 44741 | Vaults:1 | Bought a scroll of enchant weapon for 157 gold pieces
 44741 | Vaults:1 | Bought a scroll of enchant armour for 157 gold pieces
 44798 | Vaults:1 | Reached XP level 19. HP: 186/198 MP: 18/18
 44814 | Vaults:1 | Reached skill level 24 in Fighting
 44909 | Vaults:1 | Reached skill level 15 in Shields
 45115 | Vaults:1 | Found Lihopux's Weapon Shop.
 46087 | Vaults:2 | Received a gift from Okawaru
 46399 | Vaults:2 | Found a staircase to the Crypt.
 46399 | Vaults:2 | Found an ancient bone altar of Kikubaaqudgha.
 46400 | Vaults:2 | Found a basalt altar of Yredelemnul.
 46482 | Vaults:2 | Noticed Frederick
 46947 | Vaults:2 | Received a gift from Okawaru
 47148 | Vaults:2 | Killed Frederick
 47783 | Vaults:2 | Received a gift from Okawaru
 47786 | Vaults:2 | Got a pair of warped gloves {god gift}
 47797 | Vaults:2 | Identified the +3 pair of gloves of the Pits of Slime {Regen+ MP+9 Int-3} (Okawaru gifted it to you on level 2 of the Vaults)
 47803 | Vaults:2 | Gained mutation: You are dopey. (Int -2) [mutagenic glow]
 48281 | Vaults:3 | Reached XP level 20. HP: 204/209 MP: 19/19
 48952 | Vaults:3 | Noticed Jory
 48972 | Vaults:3 | Killed Jory
 48981 | Vaults:3 | Received a gift from Okawaru
 49160 | Vaults:3 | Noticed Mennas
 49524 | Vaults:3 | Reached skill level 25 in Fighting
 50182 | Vaults:4 | Noticed Saint Roka
 50236 | Vaults:4 | Killed Saint Roka
 50386 | Vaults:4 | Received a gift from Okawaru
 50821 | Vaults:4 | Found an ancient bone altar of Kikubaaqudgha.
 51289 | Vaults:4 | Noticed an ancient lich
 51319 | Vaults:4 | Killed an ancient lich
 51319 | Vaults:4 | Reached XP level 21. HP: 188/218 MP: 20/20
 52394 | Depths:1 | Entered Level 1 of the Depths
 52395 | Depths:1 | Noticed Goblin1989's ghost (adept DDFi)
 52436 | Depths:1 | Killed Goblin1989's ghost
 52436 | Depths:1 | Received a gift from Okawaru
 53025 | Depths:1 | Noticed Mara
 53030 | Depths:1 | Found a one-way gate to the infinite horrors of the Abyss.
 53059 | Depths:1 | Noticed Arkorax's illusion
 53085 | Depths:1 | Killed Mara
 53545 | Depths:1 | Noticed Arkorax's illusion
 53632 | Depths:1 | Killed Arkorax's illusion
 53637 | Depths:1 | Killed Mara
 53865 | Depths:1 | Found a gateway to Hell.
 53879 | Depths:1 | Received a gift from Okawaru
 54102 | Depths:1 | Noticed the Enchantress
 54564 | D:15     | Killed the Enchantress
 54578 | D:15     | Got a faerie dragon armour
 54589 | D:15     | Identified the +6 faerie dragon armour {rF+ rC+ Dex+5} (You took it off the Enchantress on level 15 of the Dungeon)
 54721 | Depths:1 | Found a one-way gate leading to the halls of Pandemonium.
 55383 | Depths:2 | Found a gateway to a ziggurat.
 55729 | Depths:2 | Received a gift from Okawaru
 55742 | Depths:2 | Identified a +0 pair of boots of running (Okawaru gifted it to you on level 2 of the Depths)
 55896 | Depths:2 | Reached skill level 5 in Invocations
 56542 | Depths:2 | Found an ancient bone altar of Kikubaaqudgha.
 56840 | Depths:2 | Reached XP level 22. HP: 130/228 MP: 25/25
 58236 | Depths:3 | Received a gift from Okawaru
 58489 | Depths:3 | Received a gift from Okawaru
 58861 | Depths:3 | Received a gift from Okawaru
 59396 | Depths:3 | Reached skill level 26 in Armour
 59591 | Depths:3 | Received a gift from Okawaru
 59833 | Depths:3 | Found Butif's Food Shoppe.
 59841 | Depths:3 | Bought a meat ration for 55 gold pieces
 59841 | Depths:3 | Bought a bread ration for 55 gold pieces
 59841 | Depths:3 | Bought a bread ration for 55 gold pieces
 59841 | Depths:3 | Bought a meat ration for 55 gold pieces
 59841 | Depths:3 | Bought a bread ration for 55 gold pieces
 59841 | Depths:3 | Bought a bread ration for 55 gold pieces
 60030 | Depths:4 | Received a gift from Okawaru
 60037 | Depths:4 | Got a crude cloak {god gift}
 60048 | Depths:4 | Identified the +0 cloak of Dim Light {rPois rF- Str+2} (Okawaru gifted it to you on level 4 of the Depths)
 60381 | Depths:4 | Found Naulowoi's Jewellery Boutique.
 60449 | Depths:4 | Reached XP level 23. HP: 223/236 MP: 29/29
 60720 | Depths:4 | Noticed Boris
 60743 | Depths:4 | Killed Boris
 60756 | Depths:4 | Reached skill level 27 in Armour
 60888 | Depths:4 | Reached skill level 10 in Invocations
 61378 | Depths:4 | Noticed Louise
 61388 | Depths:4 | Killed Louise
 61563 | Depths:4 | Received a gift from Okawaru
 61810 | Depths:4 | Received a gift from Okawaru
 62101 | Depths:5 | Entered Level 5 of the Depths
 62425 | Depths:5 | Received a gift from Okawaru
 62607 | Depths:5 | Received a gift from Okawaru
 63082 | Depths:5 | Received a gift from Okawaru
 63102 | Depths:5 | Got a twisted trident {god gift}
 63103 | Depths:5 | Identified the +6 trident "Hellblazer" {pierce, Str+2 SInv} (Okawaru gifted it to you on level 5 of the Depths)
 63330 | Depths:5 | Received a gift from Okawaru
 63985 | Depths:5 | Reached skill level 27 in Fighting
 64456 | Depths:5 | Reached XP level 24. HP: 228/249 MP: 31/32
 64483 | Depths:5 | Found a gate to the Realm of Zot.
 64569 | Depths:5 | Received a gift from Okawaru
 65564 | Elf:1    | Entered Level 1 of the Elven Halls
 66117 | Elf:1    | Found Riyji's Food Boutique.
 66132 | Elf:1    | Bought a meat ration for 70 gold pieces
 66132 | Elf:1    | Bought a bread ration for 70 gold pieces
 66132 | Elf:1    | Bought a meat ration for 70 gold pieces
 66132 | Elf:1    | Bought 3 fruits for 63 gold pieces
 66132 | Elf:1    | Bought a bread ration for 70 gold pieces
 66132 | Elf:1    | Bought a meat ration for 70 gold pieces
 66132 | Elf:1    | Bought a beef jerky for 21 gold pieces
 66132 | Elf:1    | Bought a meat ration for 70 gold pieces
 66132 | Elf:1    | Bought a bread ration for 70 gold pieces
 66587 | Elf:2    | Noticed Norris
 66609 | Elf:2    | Killed Norris
 66824 | Elf:2    | Found Xeleqaysh's Assorted Antiques.
 66832 | Elf:2    | Bought a scroll of teleportation for 117 gold pieces
 66832 | Elf:2    | Bought a scroll of summoning for 370 gold pieces
 66961 | Elf:2    | Found a runed gate.
 66961 | Elf:2    | Found a runed gate.
 66961 | Elf:2    | Found a runed gate.
 66980 | Elf:2    | Received a gift from Okawaru
 68329 | Vaults:1 | Bought a scroll of recharging for 199 gold pieces
 68329 | Vaults:1 | Bought a scroll of immolation for 73 gold pieces
 68402 | Vaults:3 | Killed Mennas
 68453 | Vaults:4 | Received a gift from Okawaru
 68454 | Vaults:4 | Got a crystal spear {god gift}
 68471 | Vaults:5 | Entered Level 5 of the Vaults
 68559 | Vaults:4 | Received a gift from Okawaru
 68652 | Vaults:5 | Received a gift from Okawaru
 68669 | Vaults:5 | Got a steaming demon trident {god gift}
 68670 | Vaults:5 | Identified the +3 demon trident "Maocoxu" {flame, Str+5} (Okawaru gifted it to you on level 5 of the Vaults)
 68677 | Vaults:5 | Got a silver rune of Zot
 69525 | Zot:1    | Entered Level 1 of the Realm of Zot
 69755 | Zot:1    | Reached XP level 25. HP: 257/257 MP: 32/32
 69788 | Zot:1    | Received a gift from Okawaru
 69834 | Zot:1    | Received a gift from Okawaru
 70369 | Zot:1    | Received a gift from Okawaru
 73617 | Zot:3    | Received a gift from Okawaru
 74113 | Zot:3    | Noticed an orb of fire
 74132 | Zot:3    | Killed an orb of fire
 74322 | Zot:3    | Received a gift from Okawaru
 74322 | Zot:3    | Reached XP level 26. HP: 224/266 MP: 32/32
 75384 | Zot:4    | Received a gift from Okawaru
 75394 | Zot:4    | Noticed an ancient lich
 75408 | Zot:4    | Killed an ancient lich
 75429 | Zot:4    | Got a distressingly furry large shield {god gift}
 75434 | Zot:4    | Identified the +4 large shield of Okawaru's Envy {rN+ Dex+3 Slay+5} (Okawaru gifted it to you on level 4 of the Realm of Zot)
 77212 | Zot:4    | Received a gift from Okawaru
 77405 | Zot:5    | Entered Level 5 of the Realm of Zot
 77993 | Zot:5    | Received a gift from Okawaru
 78026 | Zot:5    | Reached XP level 27. HP: 241/273 MP: 32/32
 78085 | Zot:5    | Noticed an ancient lich
 78086 | Zot:5    | Noticed an ancient lich
 78086 | Zot:5    | Noticed an ancient lich
 78087 | Zot:5    | Noticed an orb of fire
 78118 | Zot:5    | Killed an ancient lich
 78123 | Zot:5    | Killed an ancient lich
 78132 | Zot:5    | Killed an ancient lich
 78169 | Zot:5    | Noticed an ancient lich
 78200 | Zot:5    | Killed an ancient lich
 78250 | Zot:5    | Noticed an ancient lich
 78250 | Zot:5    | Noticed an ancient lich
 78265 | Zot:5    | Lost mutation: You are dopey. (Int -2) [an orb of fire]
 78270 | Zot:5    | Gained mutation: Potions and wands are less effective at restoring your health. [an orb of fire]
 78272 | Zot:5    | Noticed an orb of fire
 78272 | Zot:5    | Noticed an ancient lich
 78273 | Zot:5    | Gained mutation: You are dopey. (Int -2) [an orb of fire]
 78607 | Zot:5    | Noticed an orb of fire
 78624 | Zot:5    | Killed an orb of fire
 78718 | Zot:5    | Killed an ancient lich
 78887 | Zot:5    | Killed an ancient lich
 78887 | Zot:5    | Received a gift from Okawaru
 78922 | Zot:5    | Reached skill level 27 in Shields
 78937 | Zot:5    | Reached skill level 1 in Spellcasting
 79062 | Zot:5    | Received a gift from Okawaru
 79164 | Zot:5    | Killed an ancient lich
 79381 | Zot:5    | Killed an orb of fire
 79448 | Zot:5    | Reached skill level 5 in Spellcasting
 79494 | Zot:5    | Gained mutation: You are agile. (Dex +2) [an orb of fire]
 79497 | Zot:5    | Killed an orb of fire
 79634 | Zot:5    | Gained mutation: Your magical capacity is low (-10% MP). [mutagenic glow]
 79653 | Zot:5    | Got the Orb of Zot
 79697 | Zot:5    | Gained mutation: Your spells are a little easier to cast, but a little less powerful. [mutagenic glow]
 79703 | Zot:5    | Noticed an ancient lich
 79818 | Zot:1    | Gained mutation: You tend to lose your temper in combat. [mutagenic glow]
 79896 | Depths:3 | Gained mutation: Your spells are easier to cast, but less powerful. [mutagenic glow]
 80110 | Depths:1 | Gained mutation: You occasionally shout uncontrollably at your foes. [mutagenic glow]
 80128 | Depths:1 | Noticed Dafait the pandemonium lord
 80153 | D:15     | Gained mutation: Your flesh is heat resistant. [mutagenic glow]
 80278 | D:14     | Gained mutation: Armour fits poorly on your strangely shaped body. [mutagenic glow]
 80279 | D:14     | Noticed Cirhinya the pandemonium lord
 80310 | D:13     | Noticed a seraph
 80420 | D:8      | Gained mutation: You sometimes yell uncontrollably at your foes. [mutagenic glow]
 80421 | D:8      | Noticed Ecwibo Miqi the pandemonium lord
 80487 | D:5      | Gained mutation: You are occasionally teleported to nearby monsters. [mutagenic glow]
 80561 | D:2      | Gained mutation: Your magical capacity is very low (-20% MP). [mutagenic glow]
 80613 | D:1      | Noticed Cyejerab the pandemonium lord
 80633 | D:1      | Gained mutation: You are weak. (Str -2) [mutagenic glow]
 80640 | D:1      | Noticed Xalloiq the pandemonium lord
 80692 | D:1      | Killed Xalloiq the pandemonium lord
 80718 | D:1      | Gained mutation: You are very weak. (Str -4) [a cacodemon]
 80731 | D:$      | Escaped with the Orb!

Vault maps used:
D:1:      evilmike_arrival_fibonacci_small, serial_corexii_hall,
          corexii_hall_statues_l, corexii_hall_statues_s,
          corexii_hall_statues_l, minmay_gold_behind_fungi, minivault_19
D:2:      uniq_robin, uniq_terence
D:3:      lemuel_coloured_pillars_altar, lemuel_crystal_altar,
          portal_sewer_entry_f, first_bread
D:4:      grunt_gozag_statues, minmay_temple_entry_glass, minivault_1,
          minmay_parallelograms, hex_tiny
D:5:      nicolae_overflow_crystal_walls, uniq_edmund, uniq_crazy_yiuf_cottage,
          uniq_prince_ribbit1
D:6:      nicolae_overflow_hidden_temple, amethyst_overflow_temple_binary,
          uniq_blork_the_orc
D:7:      vehumet_statue, kiku_gazebo_garden_becter, old_standard_altar,
          old_standard_altar, serial_shops, nicolae_shop_stone, uniq_duvessa
D:8:      uniq_grum
D:9:      kennysheep_mini, david_nohive_1, cheibriados_altar_1
D:10:     lair_0_dummy, erik_orc_3, serial_shops, shop, pond, uniq_urug,
          uniq_erolcha
D:11:     kennysheep_windowed_goal, uniq_sonja, uniq_maurice, uniq_nergalle
D:12:     minmay_containers
D:13:     lightli_vaults_fourway_checkpoint, minmay_joined_circles,
          uniq_josephine
D:14:     nemelex_xobeh_ov_fountains_minmay
D:15:     grunt_enter_depths_hoard, minmay_misc_feat_room, basic_altar
Temple:   nicolae_temple_great_sept
Lair:1:   grunt_megastairs_2, serial_bayou_shore_b
Lair:2:   enter_volcano_3, beast_lair_carwin_1
Lair:3:   minmay_snake_entry_six_corridors, serial_bayou_pond_a
Lair:4:   basic_altar, grunt_forest_large_clearings, grunt_megastairs_4,
          bh_autumn_forest_stairs
Lair:5:   nicolae_swamp_entry_splash_gauntlet, st_stairs_4,
          serial_bayou_shore_b, lemuel_fruit_tree
Lair:6:   minmay_slime_entry_jelly_boxes, grunt_megastairs_5
Lair:7:   beast_lair_carwin_6
Lair:8:   due_jungle_book, serial_bayou_pond_b, nicolae_lair_grove_arrangements,
          serial_bayou_pond_e
Swamp:1:  evilmike_swamp_ruin_house_5, uniq_nikola, uniq_frances
Swamp:2:  evilmike_swamp_ruin_house_3
Swamp:3:  nicolae_swamp_treefoil, infiniplex_staircase_pool
Swamp:4:  swamp_basic_johnstein, uniq_donald
Snake:1:  uniq_aizul
Snake:2:  st_stairs_9, nicolae_snake_single_loop, serial_bayou_pond_e,
          basic_stair_grate_trap, uniq_vashnia
Snake:3:  hangedman_snake_corridor_cut, serial_bayou_shore_b, uniq_azrael
Snake:4:  snake_pit_salamanders_mu, serial_bayou_shore_a
Orc:1:    basic_altar
Orc:3:    serial_shops, shop_fountains, basic_altar, nicolae_orc_pool_cavern,
          nicolae_orc_lava_room, uniq_rupert
Orc:4:    st_orc_congregation, serial_shops, nicolae_shop_waterfront
Elf:1:    elf_arrival_002, serial_shops, shop, minmay_elf_crystal_hexagon,
          minivault_27
Elf:2:    serial_shops, shop, uniq_norris
Vaults:1: v_misc_11, v_alt_pattern_5, grunt_vaults_hallway_short,
          nicolae_vaults_murderbox, hangedman_vaults_capsules,
          vaults_dpeg_diagonal, nicolae_vaults_asterisk, serial_shops,
          nicolae_shop_stone, nicolae_shop_waterfront
Vaults:2: minmay_crypt_entry_necro_gods, hangedman_vaults_stagger,
          nicolae_vaults_circle_grid_b, nicolae_vaults_diagonal_hallway_7,
          hangedman_vaults_stitches, ontoclasm_vaults_loading_screen, v_misc_9,
          hangedman_vaults_corner_blocks, v_misc_26,
          nicolae_vaults_fighting_squares, vaults_standard_mumra_lines,
          uniq_frederick
Vaults:3: v_misc_24, grunt_vaults_hallway_long, v_misc_9,
          grunt_vaults_hallway_short, hangedman_vaults_trim,
          nicolae_vaults_mini_display_case, vaults_dpeg_hooks,
          grunt_vaults_focal, vaults_room_hallway, uniq_jory, uniq_mennas
Vaults:4: vaults_room_ringed_pool, ontoclasm_vaults_tryst, vaults_room_corners,
          vaults_mumra_minichess_inversion, nicolae_vaults_minivaults,
          hangedman_vaults_river_flow, hangedman_vaults_locks,
          ontoclasm_vaults_ring_small, grunt_vaults_hallway_short, v_misc_30,
          ontoclasm_vaults_shuriken, vaults_room_hallway, basic_altar,
          uniq_saint_roka
Vaults:5: serial_shops
Depths:1: abyss_entry, nicolae_benzene_ring, rand_demon_pan_entry_4, hell_entry,
          eino_small_chamber_without_monster, kennysheep_generic_room_4,
          uniq_mara, uniq_enchantress
Depths:2: evilmike_negative_zone, ziggurat_fallback, hell_entry
Depths:3: minmay_quantized_circle, rand_demon_pan_entry_5, hell_entry,
          serial_shops, shop, grunt_ministairs_14, dispersion_dpeg
Depths:4: evilmike_horseshoe, nicolae_wwwww, serial_bayou, serial_bayou_ford_a,
          serial_bayou_pond_a, serial_bayou_pond_d, serial_bayou_lagoon_a,
          nicolae_abyss_entry_one_way_or_another, serial_shops, shop_fountains,
          grunt_hell_entry_dis_mu, uniq_boris
Depths:5: grunt_runaround, hell_entry
Zot:1:    grunt_zot_stairs_faceoff
Zot:3:    basic_stair_grate_trap
Zot:4:    hangedman_player_shredder
Sewer:    sewer_co_tree
Volcano:  volcano_pools

Action                   |  1- 3 |  4- 6 |  7- 9 | 10-12 | 13-15 | 16-18 | 19-21 | 22-24 | 25-27 || total
-------------------------+-------+-------+-------+-------+-------+-------+-------+-------+-------++-------
Melee: Trident           |   124 |   243 |   255 |   870 |  2065 |  2766 |  2438 |    33 |       ||  8794
       Spear             |       |       |   260 |   154 |       |       |       |       |       ||   414
       Demon trident     |       |       |       |       |       |       |   617 |  2112 |  1612 ||  4341
Throw: Tomahawk          |       |       |       |       |       |       |       |       |     5 ||     5
Invok: Heroism           |       |       |       |     4 |     7 |    11 |     8 |    11 |    10 ||    51
       Finesse           |       |       |       |       |     2 |     3 |     4 |     7 |     7 ||    23
 Abil: Breathe Fire      |       |       |       |       |     2 |     9 |     5 |     3 |     1 ||    20
       Stop Flying       |       |       |       |       |       |       |     1 |       |       ||     1
Evoke: Wand              |       |       |       |     5 |       |     2 |     2 |     1 |     7 ||    17
       Deck              |       |       |       |       |       |       |       |     1 |       ||     1
  Use: Scroll            |       |       |    11 |    17 |    19 |    15 |    16 |     4 |    15 ||    97
       Potion            |       |       |     1 |     6 |     2 |     4 |     2 |     6 |    27 ||    48
 Stab: Distracted        |       |       |     1 |       |       |       |     2 |       |       ||     3
       Confused          |       |       |       |     2 |       |     1 |       |       |       ||     3
  Eat: Bread ration      |     1 |       |     1 |       |     4 |     7 |     2 |     1 |    13 ||    29
       Chunk             |       |     2 |     7 |     1 |     1 |     1 |     9 |     2 |     2 ||    25
       Meat ration       |       |       |     2 |     3 |     4 |     4 |     2 |     6 |     5 ||    26
       Royal jelly       |       |       |       |     2 |     1 |       |     3 |     1 |     2 ||     9
       Beef jerky        |       |       |       |     2 |       |       |       |       |       ||     2
       Fruit             |       |       |       |       |    22 |     6 |     4 |     6 |     7 ||    45
       Pizza             |       |       |       |       |       |       |     2 |       |       ||     2
